 Dungeon Crawl Stone Soup version 0.22-a0-525-gf69a080 (webtiles) character file.

1207 4thArraOfDagon the Magician (level 8, -9/52 HPs)
             Began as a Mummy Fire Elementalist on June 20, 2018.
             Mangled by an iguana (15 damage)
             ... on level 7 of the Dungeon.
             The game lasted 00:10:42 (2195 turns).

4thArraOfDagon the Magician (MuFE)                  Turns: 2195, Time: 00:10:43

Health: -9/52      AC:  5    Str: 12    XL:     8   Next: 21%
Magic:  2/16       EV: 12    Int: 16    God:
Gold:   62         SH:  0    Dex: 12    Spells: 10/18 levels left

rFire    x . .     SeeInvis .   n - +1 hand axe (chop)
rCold    + . .     Gourm    .   (no shield)
rNeg     + + +     Faith    .   a - +0 robe
rPois    ∞         Spirit   .   (no helmet)
rElec    .         Reflect  .   i - +0 cloak
rCorr    .         Harm     .   (no gloves)
MR       +....                  b - +1 pair of boots
Stlth    ++........             (no amulet)
HPRegen  0.17/turn              (no ring)
MPRegen  0.15/turn              (no ring)

@: no status effects
A: no food or potions, fire vulnerability, cold resistance 1, negative energy
resistance 3, torment resistance, unbreathing
a: no special abilities


You were on level 7 of the Dungeon.
You were not hungry.

You visited 1 branch of the dungeon, and saw 7 of its levels.

You collected 116 gold pieces.
You spent 54 gold pieces at shops.

Inventory:

Hand Weapons
 n - a +1 hand axe of chopping (weapon)
Armour
 a - a +0 robe (worn)
 b - a +1 pair of boots (worn)
 i - a +0 cloak (worn)
 j - a +0 ring mail
Wands
 h - a wand of acid (4)
 m - a wand of scattershot (2)
Scrolls
 c - a scroll of noise
 d - a scroll of enchant weapon {unknown}
 f - a scroll of teleportation
 g - a scroll of blinking {unknown}
 k - 2 scrolls of remove curse
 l - a scroll of fog
 o - a scroll of identify


   Skills:
 - Level 1.5 Dodging
 - Level 1.5 Stealth
 + Level 5.9 Spellcasting
 * Level 5.1 Conjurations
 * Level 5.7 Fire Magic


You had 10 spell levels left.
You knew the following spells:

 Your Spells              Type           Power        Failure   Level  Hunger
a - Flame Tongue          Conj/Fire      ###..        1%          1    N/A
b - Conjure Flame         Conj/Fire      ###.....     4%          3    N/A
c - Sticky Flame          Conj/Fire      ###.....     14%         4    N/A

Your spell library contained the following spells:

 Spells                   Type           Power        Failure   Level  Hunger
 Fireball                 Conj/Fire      ###.......   38%         5    N/A
 Throw Flame              Conj/Fire      ###...       2%          2    N/A
 Mephitic Cloud           Conj/Pois/Air  ##......     21%         3    N/A
 Venom Bolt               Conj/Pois      ##........   80%         5    N/A
 Olgreb's Toxic Radiance  Pois           #.......     80%         4    N/A
 Sting                    Conj/Pois      ##..         4%          1    N/A
 Inner Flame              Hex/Fire       ##......     13%         3    N/A
 Poisonous Vapours        Pois/Air       #.....       22%         2    N/A

Dungeon Overview and Level Annotations

Branches:
Dungeon (7/15)
 Temple: D:4-7

Altars:
Ashenzari
Elyvilon
Trog
Zin

Shops:
D:6 *

Annotations:
D:3 1 runed door, inc's ghost, amateur OpFi


Innate Abilities, Weirdness & Mutations

You do not eat or drink.
Your flesh is vulnerable to fire.
You are immune to poison.
Your flesh is cold resistant. (rC+)
You are immune to negative energy. (rN+++)
You are immune to unholy pain and torment.
You can survive without breathing.


Message History

The iguana is heavily wounded.
Casting: Flame Tongue (safe; 1% risk of failure)
Confirm with . or Enter, or press ? or * to list all spells.
Aiming: Flame Tongue (safe; 1% risk of failure)
Press: ? - help, Shift-Dir - straight line, f/p - iguana
Aim: an iguana (heavily wounded)
The flame tongue hits the iguana.
The iguana appears unharmed.
The iguana is heavily wounded.
Casting: Flame Tongue (safe; 1% risk of failure)
Confirm with . or Enter, or press ? or * to list all spells.
Aiming: Flame Tongue (safe; 1% risk of failure)
Press: ? - help, Shift-Dir - straight line, f/p - iguana
Aim: an iguana (heavily wounded)
The flame tongue hits the iguana.
The iguana appears unharmed.
The iguana is heavily wounded.
The iguana bites you!
* * * LOW HITPOINT WARNING * * *
Unknown command.
The iguana bites you!
You die...

#.......# ###..##..#.....
#.(.....# #...###.####...
#....(.(## ##!#####.# #...
##......###.#.)###...####...
####..#..)##
#...#>.......#####
#......).## #..##..>.....#
#(.......# #.. #(.......#
#........#########(.......#
#........#...l@..)........#
...........#######........#
.........### #...)....#
#........# #........#
#........# #........#
#.......># #........#
########## ##########


You could see an iguana.

Vanquished Creatures
  Sigmund (D:5)
  An orc warrior (D:7)
  A phantom (D:7)
  3 centaurs (D:7)
  An ogre (D:7)
  A bullfrog (D:7)
  3 scorpions
  2 crimson imps
  A quasit (D:5)
  An orc priest (D:7)
  3 worker ants
  6 adders
  A gnoll (D:5)
  A shadow imp (D:6)
  An adder skeleton (D:5)
  A leopard gecko (D:5)
  8 orcs
  A ball python (D:5)
  2 giant cockroaches
  3 hobgoblins
  6 jackals
  2 quokkas
  2 frilled lizards
  4 kobolds
  7 rats
63 creatures vanquished.

Notes
Turn   | Place    | Note
-------+----------+-------------------------------------------
     0 | D:1      | 4thArraOfDagon the Mummy Fire Elementalist began the quest for the Orb.
     0 | D:1      | Reached XP level 1. HP: 13/13 MP: 4/4
    56 | D:1      | Reached skill level 1 in Conjurations
   120 | D:1      | Reached XP level 2. HP: 17/19 MP: 1/5
   221 | D:2      | Found a glowing silver altar of Zin.
   221 | D:2      | Found a shattered altar of Ashenzari.
   323 | D:3      | Reached XP level 3. HP: 24/24 MP: 0/7
   328 | D:3      | Learned a level 3 spell: Conjure Flame
   358 | D:3      | Found a white marble altar of Elyvilon.
   495 | D:3      | Found a runed door.
   498 | D:3      | Noticed inc's ghost (amateur OpFi)
   609 | D:4      | Reached XP level 4. HP: 25/30 MP: 2/9
   625 | D:4      | Learned a level 4 spell: Sticky Flame
   739 | D:5      | Entered Level 5 of the Dungeon
   863 | D:5      | Noticed a phantom
   937 | D:5      | Noticed Sigmund
   942 | D:5      | Killed Sigmund
   942 | D:5      | Reached XP level 5. HP: 25/35 MP: 9/11
  1029 | D:5      | Reached XP level 6. HP: 24/41 MP: 4/12
  1049 | D:5      | Found a bloodstained altar of Trog.
  1123 | D:4      | HP: 2/41 [gnoll/spear (6)]
  1445 | D:6      | Noticed a sky beast
  1461 | D:6      | Noticed an orc warrior
  1683 | D:6      | Found a glowing silver altar of Zin.
  1785 | D:6      | Found Lyevam's Assorted Antiques.
  1793 | D:6      | Bought a scroll labeled ZANIEMM FAERO for 27 gold pieces
  1793 | D:6      | Bought a scroll labeled UVAG WALEU for 27 gold pieces
  1886 | D:7      | Reached XP level 7. HP: 6/46 MP: 0/14
  1998 | D:7      | Reached skill level 5 in Spellcasting
  2027 | D:7      | Reached skill level 5 in Fire Magic
  2110 | D:7      | Reached XP level 8. HP: 23/52 MP: 1/16
  2143 | D:7      | Reached skill level 5 in Conjurations
  2195 | D:7      | Mangled by an iguana

Vault maps used:
D:1:      lightli_arrival_noodles, minmay_pentomino_p4
D:2:      gammafunk_temple_overflow_elements, hangedman_abyss_or_decor_stabs,
          uniq_natasha
D:3:      nicolae_overflow_crystal_walls, first_ration, gammafunk_ghost_grave,
          serial_bayou_lake_a
D:5:      lemuel_round_altar, lemuel_round_altar, uniq_sigmund
D:6:      nicolae_dithmenos_the_darkroom, temple_hall, serial_shops,
          nicolae_shop_temple_entry_statues_fountains, basic_altar

Skill      XL: |  1  2  3  4  5  6  7  8 |
---------------+-------------------------+-----
Conjurations   | 1 2 3 4 5 |  5.1
Spellcasting   | 3 4 5 |  5.9
Fire Magic     | 3 4 5 |  5.7
Dodging        | |  1.5
Stealth        | |  1.5

Action                   |  1- 3 |  4- 6 |  7- 9 || total
-------------------------+-------+-------+-------++-------
Melee: Unarmed           |    74 |       |       ||    74
       Spear             |       |    12 |       ||    12
       Hand axe          |       |     4 |     6 ||    10
Throw: Throwing net      |       |     2 |     1 ||     3
 Cast: Flame Tongue      |    43 |    29 |    27 ||    99
       Sticky Flame      |       |     4 |     4 ||     8
Evoke: Wand              |       |    10 |     7 ||    17
  Use: Scroll            |       |     7 |       ||     7
 Stab: Sleeping          |     2 |       |       ||     2
Armor: Robe              |    23 |    12 |     9 ||    44
Dodge: Dodged            |    77 |    37 |    19 ||   133

Table legend:
 A = Spawn XP
 B = Non-spawn XP
 C = Spawn XP percentage of total XP
 D = Spawn monster count
 E = Non-spawn monster count
 F = Spawn count percentage of total count
 G = Total turns spent on level
                    A         B        C        D         E        F      G
               +---------+---------+-------+---------+---------+-------+---------
         Total |       0 |    1725 |   0.0 |       0 |      63 |   0.0 |  2195
               +---------+---------+-------+---------+---------+-------+---------
           D:1 |       0 |      13 |   0.0 |       0 |       8 |   0.0 |   146
           D:2 |       0 |      16 |   0.0 |       0 |       4 |   0.0 |   118
           D:3 |       0 |      52 |   0.0 |       0 |      16 |   0.0 |   350
           D:4 |       0 |      36 |   0.0 |       0 |       1 |   0.0 |   197
           D:5 |       0 |     427 |   0.0 |       0 |      11 |   0.0 |   856
           D:6 |       0 |      21 |   0.0 |       0 |       4 |   0.0 |   136
           D:7 |       0 |    1160 |   0.0 |       0 |      19 |   0.0 |   392
               +---------+---------+-------+---------+---------+-------+---------
